 Dungeon Crawl Stone Soup version 0.22.1-1-ga44c0e5 (webtiles) character file.

53 whitewolfNL the Chopper (level 3, -9/33 HPs)
             Began as a Minotaur Berserker on Oct 30, 2018.
             Was a Follower of Trog.
             Mangled by Sigmund
             ... wielding a +3 scythe of slicing
              (15 damage)
             ... on level 2 of the Dungeon.
             The game lasted 00:07:02 (2105 turns).

whitewolfNL the Chopper (Minotaur Berserker)        Turns: 2105, Time: 00:07:02

Health: -9/33      AC:  2    Str: 21    XL:     3   Next: 62%
Magic:  2/2        EV: 12    Int:  8    God:    Trog [*.....]
Gold:   46         SH:  0    Dex: 10    Spells: 2/2 levels left

rFire    . . .     SeeInvis .   i - -3 club (curse)
rCold    . . .     Gourm    .   (no shield)
rNeg     . . .     Faith    .   b - +0 animal skin
rPois    .         Spirit   .   (helmet restricted)
rElec    .         Reflect  .   (no cloak)
rCorr    .         Harm     .   (no gloves)
MR       .....                  (no boots)
Stlth    +.........             (no amulet)
HPRegen  0.11/turn              k - +4 ring of intelligence
MPRegen  0.08/turn              (no ring)

@: confused
A: retaliatory headbutt, horns 2
a: Berserk, Renounce Religion


You were on level 2 of the Dungeon.
You worshipped Trog.
Trog was aware of your devotion.
You were not hungry.

You visited 1 branch of the dungeon, and saw 2 of its levels.

You collected 46 gold pieces.

Inventory:

Hand Weapons
 a - a +0 hand axe
 e - a +0 dagger
 f - a +0 club
 g - a +0 whip
 h - a +0 dagger
 i - a cursed -3 club (weapon)
 j - a +0 hunting sling
 m - a +0 club
 p - a +0 short sword
Missiles
 d - 122 stones (quivered)
 l - 28 sling bullets
Armour
 b - a +0 animal skin (worn)
 v - a +0 robe
Jewellery
 k - a +4 ring of intelligence (left hand)
Scrolls
 u - 2 scrolls of teleportation
 w - a scroll of immolation {unknown}
 x - a scroll of remove curse {unknown}
 y - a scroll of blinking {unknown}
Potions
 n - a potion of brilliance {unknown}
 o - a potion of degeneration {unknown}
 q - a potion of lignification {unknown}
 r - a potion of ambrosia {unknown}
 t - 2 potions of heal wounds {unknown}
Comestibles
 c - 2 rations


   Skills:
 + Level 4.2 Fighting
 * Level 4.9 Axes
 + Level 2.5 Armour
 + Level 2.6 Dodging


You had 2 spell levels left.
You didn't know any spells.
Your spell library was empty.

Dungeon Overview and Level Annotations

Branches:
Dungeon (2/15)

Altars:
Vehumet

Annotations:
D:2 Sigmund


Innate Abilities, Weirdness & Mutations

You reflexively headbutt those who attack you in melee.
You have a pair of horns on your head.


Message History

You are confused.
You bump into the rock wall.
Sigmund points at you and mumbles some strange words.
You are more confused.
You're too confused to move!
Sigmund hits you with a scythe of slicing!
You're too confused!
You're too confused!
You're too confused!
You bump into the rock wall.
Sigmund barely misses you.
You bump into the rock wall.
You barely miss Sigmund. Your headbutt misses Sigmund. Sigmund misses you.
Sigmund barely misses you.
You're too confused!
You bump into the rock wall.
Sigmund hits you with a scythe of slicing!
* * * LOW HITPOINT WARNING * * *
x2 Sigmund says, "Your kind have come here before.
I understand now why.
You Sigmund hits you with a scythe of slicing!
You die...

##..# ##.## ####### #.. #.##
##....... ...#..# .#
.#.###..###.# #.#...# .#
.#..........#.##.##..###
.#### .#..#...#..... ........
##....
##.###.###....##.##.... .....
#..#...#...##.#.#.#.#. #..#
#...._.....# #@@.##.#.###..#
#..#...#...# ##.##.........#
##.###.###.#####.###.#..##.##
#...#...#..# #...# ##.##.#
#..........# #.### ##...#.#
#.##.##..### #.######.###..#
#.##.##.## #........# #..#
#.##..#.# #..#####.###.##
#.###.#.# #..# ##...##


You could see Sigmund.

Vanquished Creatures
  An adder (D:2)
  A worm (D:2)
  2 dart slugs (D:1)
  4 bats
  3 giant cockroaches
  4 goblins (D:1)
  8 hobgoblins
  3 frilled lizards
  4 kobolds
  6 rats
36 creatures vanquished.

Notes
Turn   | Place    | Note
-------+----------+-------------------------------------------
     0 | D:1      | whitewolfNL the Minotaur Berserker began the quest for the
                  | Orb.
     0 | D:1      | Reached XP level 1. HP: 19/19 MP: 0/0
   150 | D:1      | Reached XP level 2. HP: 27/27 MP: 1/1
   899 | D:1      | Reached XP level 3. HP: 33/33 MP: 2/2
  1137 | D:2      | Found a radiant altar of Vehumet.
  2094 | D:2      | Noticed Sigmund
  2105 | D:2      | Mangled by Sigmund

Skill      XL: |  1  2 |
---------------+-------+-----
Axes           | 4 |  4.9
Fighting       | 4 |  4.2
Armour         | |  2.5
Dodging        | |  2.6

Action                   || total
-------------------------++-------
Melee: Hand axe          ||    24
       Headbutt          ||    20
       Club              ||    52
Invok: Berserk           ||     1
  Use: Scroll            ||     1
  Eat: Ration            ||     1
       Chunk             ||     1
Armor: Animal skin       ||    22
Dodge: Dodged            ||    71
